 Dungeon Crawl Stone Soup version 0.26-a0-808-g930a2b7adc (webtiles) character file.

Game seed: 4291363987214463039

10328 Morbidden the Destroyer (level 11, -12/83 HPs)
             Began as a Demonspawn Conjurer on Nov 12, 2020.
             Was a Priest of Vehumet.
             Killed from afar by Frances (57 damage)
             ... with a shard of ice
             ... on level 13 of the Dungeon.
             The game lasted 00:20:29 (13717 turns).

Morbidden the Destroyer (Demonspawn Conjurer)      Turns: 13717, Time: 00:20:30

Health: -12/83     AC: 14    Str:  7    XL:     11   Next: 34%
Magic:  3/32       EV: 17    Int: 22    God:    Vehumet [***...]
Gold:   424        SH:  5    Dex: 13    Spells: 15/26 levels left

rFire    + . .     SeeInvis .   a - +1 dagger (elec)
rCold    . . .     Faith    .   F - +0 buckler
rNeg     . . .     Spirit   .   E - +3 leather armour
rPois    .         Reflect  .   (helmet restricted)
rElec    .         Harm     +   y - scarf {harm}
rCorr    .         Rampage  .   z - +2 pair of gloves
MR       .....                  W - +1 pair of boots
Stlth    ++........             (no amulet)
HPRegen  0.23/turn              O - ring of magical power
MPRegen  0.23/turn              D - +4 ring of evasion

@: no status effects
A: horns 1, thin metallic scales 2, fire resistance 1, powered by death 2
a: Renounce Religion


You were on level 13 of the Dungeon.
You worshipped Vehumet.
Vehumet was most pleased with you.
You visited 2 branches of the dungeon, and saw 14 of its levels.

You collected 632 gold pieces.
You spent 208 gold pieces at shops.

Inventory:

Hand Weapons
 a - a +1 dagger of electrocution (weapon)
 b - the +5 falchion of Rall {pain, +Blink rC+ Str+4}
   (You found it on level 5 of the Dungeon)

   In the hands of one skilled in necromantic magic, it inflicts extra damage on
   living creatures.
   It affects your strength (+4).
   It protects you from cold.
   It lets you blink.
 N - a +1 scimitar of flaming
Missiles
 p - 50 poisoned darts (quivered)
 G - 3 javelins
Armour
 y - a scarf of harm (worn)
 z - a +2 pair of gloves (worn)
 E - a +3 leather armour (worn)
 F - a +0 buckler (worn)
 T - a +1 cloak
 W - a +1 pair of boots (worn)
Magical Staves
 u - an uncursed staff of earth
Jewellery
 n - an uncursed ring of flight
 D - a +4 ring of evasion (right hand)
 H - an uncursed ring of ice
 O - a ring of magical power (left hand)
 Q - an uncursed ring of protection from fire
Wands
 q - a wand of polymorph (6)
 K - a wand of iceblast (6)
 P - a wand of enslavement (4)
 R - a wand of flame (19)
 S - a wand of digging (4)
Scrolls
 c - a scroll of fog {unknown}
 e - 4 scrolls of teleportation
 f - 2 scrolls of blinking {unknown}
 h - 3 scrolls of remove curse {unknown}
 k - a scroll of noise {unknown}
 m - 2 scrolls of magic mapping {unknown}
 r - a scroll of fear {unknown}
 s - a scroll of amnesia {unknown}
 t - 3 scrolls of enchant weapon
 v - 2 scrolls of enchant armour
 B - 5 scrolls of identify
 I - a scroll of immolation
 U - a scroll of vulnerability {unknown}
 V - a scroll of summoning {unknown}
Potions
 d - a potion of brilliance
 g - a potion of heal wounds
 i - a potion of attraction
 j - 4 potions of curing
 l - 2 potions of berserk rage
 o - 2 potions of mutation
 w - a potion of cancellation
 x - 4 potions of haste
 A - 2 potions of might
 C - a potion of resistance
 J - 3 potions of lignification
 M - a potion of flight


   Skills:
 * Level 6.6 Fighting
 + Level 2.0(2.9) Short Blades
 + Level 3.2(3.5) Long Blades
 + Level 0.7 Throwing
 + Level 3.3 Armour
 + Level 3.9 Dodging
 + Level 3.8 Stealth
 * Level 3.9 Shields
 * Level 8.4 Spellcasting
 + Level 9.0 Conjurations
 * Level 5.1 Necromancy
 * Level 4.4 Translocations
 * Level 0.4 Ice Magic
 + Level 0.1 Evocations


You had 15 spell levels left.
You knew the following spells:

 Your Spells              Type           Power        Failure   Level
a - Iskenderun's Mystic   Conj/Tloc      #####...     1%          4
b - Searing Ray           Conj           #####.       1%          2
c - Magic Dart            Conj           ####         1%          1
d - Frozen Ramparts       Ice            ##....       7%          3
y - Animate Skeleton      Necr           ####..       1%          1

Your spell library contained the following spells:

 Spells                   Type           Power        Failure   Level
 Apportation              Tloc           ####..       1%          1
 Dazzling Flash           Conj/Hex       ####..       1%          3
 Fulminant Prism          Conj/Hex       ####......   4%          4
 Corona                   Hex            #......      11%         1
 Summon Small Mammal      Summ           #...         11%         1


Dungeon Overview and Level Annotations

Branches:
Dungeon (13/15)            Temple (1/1) D:4            Lair (0/6) D:8
    Orc (0/2) D:9
 Vaults: D:13-14

Altars:
Ashenzari
Cheibriados
Dithmenos
Elyvilon
Fedhas
Gozag
Hepliaklqana
Kikubaaqudgha
Makhleb
Nemelex Xobeh
Okawaru
Qazlal
Ru
Sif Muna
Trog
Uskayaw
Vehumet
Wu Jian
Xom
Yredelemnul
Zin
The Shining One

Shops:
D:8 !   D:9 [   D:11 [

Annotations:
D:12 exclusion: boulder beetle
D:13 Frances


Innate Abilities, Weirdness & Mutations

You have a pair of small horns on your head.
You are mostly covered in thin metallic scales. (AC +3)
Your flesh is heat resistant. (rF+)
You regenerate health from kills.


Message History

The hellwing is heavily wounded.
The red devil is frozen!
The wall freezes the red devil.
The red devil barely misses you.
The wall freezes the hellwing.
You block the hellwing's attack. The hellwing barely misses you.
The wall freezes Frances.
Frances closely misses you.
Unknown command.
Frances is no longer moving quickly.
The wall freezes Frances.
The wall freezes the red devil.
The wall freezes the hellwing.
The hellwing closely misses you. The hellwing completely misses you.
The frozen ramparts melt away.
The hellwing closely misses you.
The hellwing hits you but does no damage.
Unknown command.
Okay, then.
You feel much better.
The red devil hits you from afar with a +0 trident.
The hellwing closely misses you. The hellwing hits you!
Frances chants phrases taken from a devil's mouth.
The shard of ice hits you!!!
Ouch! That really hurt!
You die...

#.........#......#.......
#.........#......#.......
#...#.4####......#.......
#...#.....####...#....#..
#...####..#..#........#..
#...#.....#...........#..
#...#...4.####........###
#...####4@#..#####.......
#...# #@.#......#.......
#...# #..####...#.......
#...# #.........#.).....
#.... ####..#####.......
#.... #...........#..
####.....)..#..
#####...(#.. #........###
#.......)...


You could see Frances, a hellwing (summoned) and a red devil (summoned).

Vanquished Creatures
  Erica (D:11)
  2 two-headed ogres
  Nergalle (D:11)
  A cyclops (D:12)
  An ugly thing (D:8)
  Maurice (D:11)
  A centaur skeleton (D:12)
  A komodo dragon (D:12)
  A troll (D:9)
  Grinder (D:3)
  Prince Ribbit (D:8)
  3 yaks (D:12)
  A soldier ant (D:11)
  An acid dragon (D:10)
  Duvessa (D:7)
  2 water moccasins
  6 sky beasts
  2 ice beasts (D:12)
  2 phantoms
  2 orc warriors
  A necrophage (D:8)
  3 ogres
  4 centaurs
  8 bullfrogs
  4 scorpions
  Dowan (D:7)
  9 wights
  7 howler monkeys
  An electric eel (D:6)
  A quasit (D:12)
  A bullfrog zombie (D:5)
  3 hounds
  2 jellies
  2 bullfrog skeletons
  8 orc priests
  11 orc wizards
  An iguana (D:12)
  9 worker ants
  A killer bee zombie (D:8)
  2 worker ant zombies
  8 adders
  2 shadow imps
  4 white imps
  An ufetubus (D:10)
  An ooze (D:1)
  An adder zombie (D:6)
  4 worms
  3 dart slugs
  5 leopard geckos
  27 orcs
  A ball python (D:2)
  3 giant cockroaches
  7 goblins
  10 hobgoblins
  5 jackals
  5 quokkas
  4 bats
  6 frilled lizards
  9 kobolds
  2 leopard gecko skeletons
  7 rats
226 creatures vanquished.

Vanquished Creatures (others)
  A plant (D:3)
1 creature vanquished.

Grand Total: 227 creatures vanquished

Notes
Turn   | Place    | Note
-------+----------+-------------------------------------------
     0 | D:1      | Morbidden the Demonspawn Conjurer began the quest for the
                  | Orb.
     0 | D:1      | Reached XP level 1. HP: 13/13 MP: 3/3
   357 | D:1      | Gained mutation: You regenerate a little health from kills.
                  | [demonic ancestry]
   357 | D:1      | Reached XP level 2. HP: 6/20 MP: 0/5
  1361 | D:2      | Gained mutation: You are partially covered in thin metallic
                  | scales. (AC +2) [demonic ancestry]
  1361 | D:2      | Reached XP level 3. HP: 25/25 MP: 6/6
  1380 | D:2      | Learned a level 2 spell: Searing Ray
  1538 | D:2      | Reached skill level 1 in Fighting
  1897 | D:2      | Reached skill level 5 in Conjurations
  1939 | D:2      | Found an opulent altar of Gozag.
  1978 | D:2      | Reached XP level 4. HP: 32/32 MP: 1/7
  2496 | D:3      | Noticed Grinder
  2509 | D:3      | Paralysed by Grinder for 2 turns
  2523 | D:3      | Paralysed by Grinder for 3 turns
  2528 | D:3      | Paralysed by Grinder for 2 turns
  2533 | D:3      | Killed Grinder
  2533 | D:3      | Reached skill level 6 in Conjurations
  2533 | D:3      | Gained mutation: Your flesh is heat resistant. (rF+)
                  | [demonic ancestry]
  2533 | D:3      | Reached XP level 5. HP: 36/38 MP: 0/10
  2533 | D:3      | Reached XP level 6. HP: 42/44 MP: 0/11
  3235 | D:2      | Found an ornate altar of the Wu Jian Council.
  3235 | D:2      | Found an iron altar of Okawaru.
  3493 | D:4      | Reached XP level 7. HP: 42/50 MP: 1/12
  3601 | D:4      | Found a shadowy altar of Dithmenos.
  3611 | D:4      | Reached skill level 1 in Short Blades
  3908 | D:4      | Reached skill level 7 in Conjurations
  4205 | D:4      | Found a broken altar of Ashenzari.
  4415 | D:4      | Found a staircase to the Ecumenical Temple.
  4450 | Temple   | Entered the Ecumenical Temple
  4658 | Temple   | Became a worshipper of Vehumet
  4834 | D:5      | Entered Level 5 of the Dungeon
  5280 | D:5      | Gained mutation: You have a pair of small horns on your
                  | head. [demonic ancestry]
  5280 | D:5      | Reached XP level 8. HP: 58/58 MP: 8/15
  5562 | D:5      | Got a crystal falchion
  5563 | D:5      | Identified the +5 falchion of Rall {pain, +Blink rC+ Str+4}
                  | (You found it on level 5 of the Dungeon)
  5567 | D:5      | Learned a level 1 spell: Animate Skeleton
  5584 | D:5      | Learned a level 4 spell: Iskenderun's Mystic Blast
  5733 | D:5      | Reached skill level 5 in Spellcasting
  6166 | D:6      | Reached skill level 1 in Necromancy
  6806 | D:6      | Found a sacrificial altar of Ru.
  6808 | D:6      | Found a bloodstained altar of Trog.
  6933 | D:6      | Reached skill level 1 in Translocations
  7257 | D:7      | Noticed Dowan
  7261 | D:7      | Noticed Duvessa
  7271 | D:7      | Killed Dowan
  7276 | D:7      | Killed Duvessa
  7823 | D:8      | Reached XP level 9. HP: 60/66 MP: 10/17
  7957 | D:8      | Noticed Prince Ribbit
  7962 | D:8      | Noticed a purple ugly thing
  7963 | D:8      | Killed Prince Ribbit
  7963 | D:8      | Reached skill level 1 in Shields
  7969 | D:8      | Found Gafogefo's Distillery.
  7990 | D:8      | Reached * piety under Vehumet
  7990 | D:8      | Offered knowledge of Freeze by Vehumet.
  8020 | D:8      | Reached skill level 1 in Armour
  8476 | D:8      | Bought a potion of heal wounds for 65 gold pieces
  8476 | D:8      | Bought a potion of berserk rage for 65 gold pieces
  8476 | D:8      | Bought 2 potions of lignification for 78 gold pieces
  8479 | D:8      | Found a staircase to the Lair.
  8686 | D:8      | Reached skill level 1 in Long Blades
  8835 | D:8      | Killed a purple ugly thing
  8835 | D:8      | Reached skill level 5 in Fighting
  8835 | D:8      | Reached skill level 8 in Conjurations
  9171 | D:9      | Found a staircase to the Orcish Mines.
  9471 | D:9      | Found Kiofaxt's Antique Armour Shop.
  9572 | D:9      | Noticed a troll
  9583 | D:9      | Killed a troll
  9583 | D:9      | Gained mutation: You regenerate health from kills. [demonic
                  | ancestry]
  9583 | D:9      | Reached XP level 10. HP: 70/74 MP: 10/20
  9846 | D:10     | Entered Level 10 of the Dungeon
 10186 | D:10     | Offered knowledge of Foxfire by Vehumet.
 10189 | D:10     | Reached ** piety under Vehumet
 10714 | D:10     | Noticed a two-headed ogre
 10723 | D:10     | Killed a two-headed ogre
 11252 | D:11     | Found Jeof's Antique Armour Shoppe.
 11499 | D:11     | Noticed a two-headed ogre
 11511 | D:11     | Killed a two-headed ogre
 11803 | D:11     | Noticed Erica
 11814 | D:11     | Noticed Nergalle
 11816 | D:11     | Killed Erica
 11834 | D:11     | Killed Nergalle
 11834 | D:11     | Gained mutation: You are mostly covered in thin metallic
                  | scales. (AC +3) [demonic ancestry]
 11834 | D:11     | Reached XP level 11. HP: 82/82 MP: 7/23
 12164 | D:11     | Noticed Maurice
 12196 | D:11     | Killed Maurice
 12726 | D:12     | Noticed a boulder beetle
 12938 | D:12     | Reached skill level 5 in Necromancy
 12941 | D:12     | Offered knowledge of Frozen Ramparts by Vehumet.
 12956 | D:12     | Learned a level 3 spell: Frozen Ramparts
 13033 | D:12     | Reached skill level 9 in Conjurations
 13435 | D:13     | Reached *** piety under Vehumet
 13679 | D:13     | Noticed Frances
 13717 | D:13     | Killed from afar by Frances

Illustrated notes

Levels and vault maps discovered:
D:1:      minmay_arrival_split_and_join, layout_loops_cross
D:2:      layout_rooms, lemuel_crystal_altar, nicolae_overflow_hidden_temple
D:3:      layout_rooms, chequers_serial_rivers_micro_a, corexii_shack,
          uniq_grinder
D:4:      layout_loops_ring, kennysheep_mini, minmay_temple_entry_large_hall,
          nicolae_dithmenos_through_a_glass_darkly
D:5:      layout_basic
D:6:      layout_loops_ring, grunt_temple_overflow_open,
          hangedman_decor_opposing, eino_curves_04,
          kennysheep_decorative_pillar, fountainhead, roderic_serpentine_path
D:7:      layout_rooms, uniq_duvessa
D:8:      layout_cave_pools, lair_entry_dummy, serial_shops, shop,
          uniq_prince_ribbit1
D:9:      layout_small_grid, orc_0_dummy, serial_shops, shop
D:10:     layout_loops_corners
D:11:     layout_loops_ring, serial_shops, shop, hangedman_decor_peaks_small,
          uniq_nergalle, uniq_maurice, uniq_erica
D:12:     layout_roguey
D:13:     layout_grid_maze, uniq_sonja, uniq_frances
Temple:   eino_temple_scatter_basement

Skill      XL: |  1  2  3  4  5  6  7  8  9 10 11 |
---------------+----------------------------------+-----
Stealth        | 2 3 |  3.8
Fighting       | 1 2 3 4 5 6 |  6.6
Conjurations   | 5 6 7 8 9 |  9.0
Dodging        | 2 3 |  3.9
Spellcasting   | 3 4 5 7 8 |  8.4
Short Blades   | 1 2 |  2.0
Necromancy     | 2 3 4 5 |  5.1
Translocations | 1 2 4 |  4.4
Shields        | 2 3 |  3.9
Armour         | 1 2 3 |  3.3
Long Blades    | 1 2 3 |  3.2
Throwing       | |  0.7
Ice Magic      | |  0.4
Evocations     | |  0.1

Action                   |  1- 3 |  4- 6 |  7- 9 | 10-12 || total
-------------------------+-------+-------+-------+-------++-------
Melee: Unarmed           |     7 |       |       |       ||     7
       Dagger            |    17 |    51 |    37 |     3 ||   108
       Falchion          |       |       |    24 |    90 ||   114
       Headbutt          |       |       |     4 |    13 ||    17
Throw: Dart              |       |       |     6 |       ||     6
 Cast: Magic Dart        |    77 |    67 |   178 |    32 ||   354
       Searing Ray       |       |     6 |    39 |    32 ||    77
       Iskenderun's Myst |       |       |       |    23 ||    23
       Frozen Ramparts   |       |       |       |     1 ||     1
 Abil: Evoke Flight      |       |       |     3 |       ||     3
Evoke: Wand              |       |       |     1 |       ||     1
  Use: Potion            |       |     1 |       |     1 ||     2
       Scroll            |       |       |    11 |     5 ||    16
 Stab: Sleeping          |       |     1 |       |     1 ||     2
Armor: Robe              |     7 |    14 |    13 |       ||    34
       Skin              |       |     1 |       |       ||     1
       Leather armour    |       |       |    27 |    50 ||    77
Dodge: Dodged            |    27 |    35 |    75 |    93 ||   230
Block: Buckler           |       |       |     9 |    30 ||    39
       Rpst.: Falchion   |       |       |    18 |    20 ||    38

Table legend: (Time is in decaauts)
 A = Elapsed time spent in this place.
 B = Non-inter-level travel time spent in this place.
 C = Inter-level travel time spent in this place.
 D = Time resting spent in this place.
 E = Time spent auto-exploring this place.
 F = Levels seen in this place.
 G = Mean time per level.
                   A        B        C        D        E       F      G
               +--------+--------+--------+--------+--------+-----+--------+
         Total |  13746 |  13158 |    588 |    581 |  10921 |  14 |  981.9 |
       Dungeon |  13519 |  12970 |    549 |    581 |  10736 |  13 | 1039.9 |
        Temple |    226 |    187 |     39 |      0 |    185 |   1 |  226.0 |
               +--------+--------+--------+--------+--------+-----+--------+

Top non-repeatable levels by time:
     D:4: 1666 daAuts
    D:11: 1465 daAuts
     D:1: 1345 daAuts
    D:10: 1301 daAuts
     D:2: 1163 daAuts
     D:8: 1109 daAuts
     D:5: 1059 daAuts
     D:6: 954 daAuts
     D:9: 920 daAuts
     D:3: 819 daAuts
    D:12: 788 daAuts
     D:7: 596 daAuts
    D:13: 327 daAuts
  Temple: 226 daAuts
